 Dungeon Crawl Stone Soup version 0.31-a0-18-gea43df2a32 (webtiles) character file.

Game seed: 9590510337232637180

381 BlueFish the Sneak (level 6, -4/49 (55) HPs)
             Began as a Draconian Delver on May 13, 2023.
             Slain by a wight
             ... wielding a +3 flail
              (10 damage)
             ... on level 3 of the Dungeon.
             The game lasted 00:08:59 (4324 turns).

BlueFish the Sneak (Draconian Delver)               Turns: 4324, Time: 00:09:00

HP:   -4/49 (55)    AC:  7    Str: 14    XL:     6   Next: 46%
MP:   6/6           EV: 13    Int: 12    God:
Gold: 297           SH:  0    Dex: 13    Spells: 5/5 levels left

rFire   . . .        i - +4 falchion
rCold   . . .        (no shield)
rNeg    . . .        (body armour unavailable)
rPois   .            (helmet restricted)
rElec   .            n - +0 cloak
rCorr   .            (no gloves)
SInv    +            (no boots)
Will    .....        (no amulet)
Stlth   +++          s - ring of see invisible
HPRegen 0.28/turn    (no ring)
MPRegen 0.10/turn

%: no passive effects
@: heavily drained
A: AC +6, unfitting armour, cold-blooded
a: no special abilities


You were on level 3 of the Dungeon.
You visited 1 branch of the dungeon, and saw 5 of its levels.

You collected 297 gold pieces.

Inventory:

Hand Weapons
 a - a +0 short sword
 g - a +0 rapier
 i - a +4 falchion (weapon)
Armour
 n - a +0 cloak (worn)
Jewellery
 s - a ring of see invisible (left hand)
Wands
 f - a wand of digging (7)
Scrolls
 b - 2 scrolls of fog
 c - 3 scrolls of magic mapping
 h - a scroll of brand weapon {unknown}
 j - a scroll of torment {unknown}
 m - a scroll of acquirement {unknown}
 q - a scroll of enchant armour {unknown}
 r - a scroll of teleportation {unknown}
 v - a scroll of poison {unknown}
 w - a scroll of immolation {unknown}
Potions
 d - 2 potions of berserk rage {unknown}
 e - 5 potions of flight
 k - 2 potions of curing
 l - a potion of attraction
 o - a potion of cancellation
 p - a potion of brilliance {unknown}
 t - a potion of heal wounds {unknown}
 u - a potion of degeneration {unknown}


   Skills:
 + Level 4.8 Fighting
 - Level 3.9 Short Blades
 + Level 0.0(2.3) Long Blades
 + Level 3.4 Dodging
 + Level 5.6 Stealth


You had 5 spell levels left.
You didn't know any spells.
Your spell library contained the following spells:

 Spells                   Type           Power      Damage    Failure   Level
 Iskenderun's Battlesphe  Conj           0%         2d6       100%        5
 Iron Shot                Conj/Erth      0%         9d1       100%        6
 Spellforged Servitor     Conj/Summ      0%         N/A       100%        7


Dungeon Overview and Level Annotations

Branches:
Dungeon (5/15)
 Temple: D:4-7

Altars:
Nemelex Xobeh
Ru
Zin

Shops:
D:1 :

Annotations:
D:4 3 runed translucent doors, Sleet's ghost, amateur OpTm


Innate Abilities, Weirdness & Mutations

Your plain brown scales are hard. (AC +6)
You cannot fit into any form of body armour.
You are cold-blooded and may be slowed by cold attacks.


Message History

A mysterious force pulls you upwards. The hatch slams shut behind you.
There is an open door here.
As you open the door, it creaks loudly!
You can't go down here!
There is an open door here.
There is a stone staircase leading down here.
You climb downwards.
Level annotation: 3 runed translucent doors, Sleet's ghost, amateur OpTm
Found a fizzy amethyst potion.
There is a stone staircase leading up here.
The wight hits you but does no damage. The wight barely misses you.
You barely miss the wight.
Your tail-slap misses the wight.
A wight comes into view. It is wielding a +3 flail.
The wight hits you with a +3 flail!
You feel drained. The wight completely misses you.
You closely miss the wight. The wight closely misses you.
The wight hits you with a +3 flail!
You feel drained. The wight closely misses you.
The wight attacks as you move away! The wight hits you with a +3 flail!
You feel drained.
There is a stone staircase leading up here.
The wight closely misses you.
You climb upwards.
There is a stone staircase leading down here.
You closely miss the wight. The wight hits you with a +3 flail.
You hit the wight.
The wight is moderately damaged.
The wight hits you with a +3 flail!
* * * LOW HITPOINT WARNING * * *
You feel better. The wight misses you.
You hit the wight but do no damage.
The wight is moderately damaged.
The wight misses you.
You hit the wight but do no damage.
The wight is moderately damaged.
The wight hits you with a +3 flail!
* * * LOW HITPOINT WARNING * * *
The wight hits you with a +3 flail!
You die...

#.........# #.#######.# #.# #.#
#.# #####.# ########## #.#
#.....########
####........####.###.............
...'..†.#........##..............
####...###......#................
#...#'#'#.....@z...............
#..###.###.....###....###...#.#
###.###._.###..#.# #....'.+...+..
.....###.###..##.###....###...#..
...)..#####......#...............
.......###.........###.###....##.
######..#................'....'..
...................###.###....###
######.#.......###'###...........


You could see a wight.

Vanquished Creatures
  A scorpion (D:4)
  2 orc priests (D:4)
  2 iguanas (D:4)
  2 orc wizards
  4 adders
  2 ufetubi (D:4)
  3 worms
  2 dart slugs
  13 orcs
  3 ball pythons (D:3)
  12 endoplasms
  8 giant cockroaches
  11 goblins
  3 hobgoblins
  10 kobolds
  4 quokkas
  3 bats
  4 frilled lizards
  6 rats
95 creatures vanquished.

Notes
Turn   | Place    | Note
-------+----------+-------------------------------------------
     0 | D:5      | BlueFish the Draconian Delver began the quest for the Orb.
     0 | D:5      | Reached XP level 1. HP: 19/19 MP: 1/1
     7 | D:5      | Noticed an iguana
    49 | D:5      | Noticed a scorpion
   164 | D:5      | Noticed a jelly
   231 | D:3      | Noticed an orc wizard
   398 | D:1      | Reached XP level 2. HP: 26/26 MP: 2/2
   897 | D:1      | Found Soygaig's Book Shop.
   923 | D:1      | Reached XP level 3. HP: 26/31 MP: 3/3
  1611 | D:2      | Found a glowing silver altar of Zin.
  1849 | D:2      | Reached XP level 4. HP: 29/40 MP: 4/4
  2233 | D:3      | Reached skill level 5 in Stealth
  2395 | D:3      | Found a sacrificial altar of Ru.
  2801 | D:3      | Reached XP level 5. HP: 46/46 MP: 5/5
  2828 | D:3      | Found a sparkling altar of Nemelex Xobeh.
  3441 | D:4      | Reached XP level 6. HP: 49/53 MP: 6/6
  3458 | D:4      | Found a runed translucent gate.
  3458 | D:4      | Found a runed translucent gate.
  3459 | D:4      | Found a runed translucent gate.
  3461 | D:4      | Noticed Sleet's ghost (amateur OpTm)
  3850 | D:4      | Noticed an orc warrior
  4324 | D:3      | Slain by a wight

Illustrated notes

Levels and vault maps discovered:
D:1:      wander_arrival_desolate, layout_basic, serial_shops,
          nicolae_shop_waterfront, grunt_decor_arrowhead
D:2:      layout_basic, basic_altar
D:3:      layout_basic, mainiacjoe_overflow_24_doors,
          nemelex_diamond_rough_becter
D:4:      layout_basic, gammafunk_ghost_split, guppyfry_early_orc_mine
D:5:      layout_loops_corners, nicolae_shop_unique_rings,
          roderic_serpentine_path

Skill      XL: |  1  2  3  4  5 |
---------------+----------------+-----
Dodging        | 2 3 |  3.4
Fighting       | 4 |  4.8
Stealth        | 5 |  5.6
Short Blades   | 3 |  3.9

Action                     |  1- 3 |  4- 6 || total
---------------------------+-------+-------++-------
  Melee: Rapier            |   160 |   129 ||   289
         Short sword       |    10 |       ||    10
         Tailslap          |    15 |    22 ||    37
         Punch             |     1 |     1 ||     2
         Falchion          |       |    68 ||    68
    Use: Potion            |     1 |     4 ||     5
         Scroll            |     5 |     2 ||     7
   Stab: Sleeping          |     7 |     9 ||    16
         Distracted        |       |     1 ||     1
 Armour: Skin              |    64 |    78 ||   142
  Dodge: Dodged            |   114 |   129 ||   243

Table legend: (Time is in decaauts)
 A = Elapsed time spent in this place.
 B = Non-inter-level travel time spent in this place.
 C = Inter-level travel time spent in this place.
 D = Time resting spent in this place.
 E = Time spent auto-exploring this place.
 F = Levels seen in this place.
 G = Mean time per level.
                   A        B        C        D        E       F      G
               +--------+--------+--------+--------+--------+-----+--------+
         Total |   4346 |   4223 |    123 |     13 |   2629 |   5 |  869.2 |
       Dungeon |   4346 |   4223 |    123 |     13 |   2629 |   5 |  869.2 |
               +--------+--------+--------+--------+--------+-----+--------+

Top non-repeatable levels by time:
     D:3: 1215 daAuts
     D:4: 1084 daAuts
     D:1: 1051 daAuts
     D:2: 820 daAuts
     D:5: 174 daAuts
